 Dungeon Crawl Stone Soup version 0.31.0-32-g396128a36d (webtiles) character file.

Game seed: 8279614795680793210

53193 Arcadio the Thaumaturge (level 14, -3/168 HPs)
             Began as a Naga Ice Elementalist on Apr 5, 2024.
             Was a Believer of Ignis.
             Slain by an ettin
             ... wielding a +0 dire flail
              (8 damage)
             ... on level 11 of the Dungeon.
             The game lasted 02:00:43 (24287 turns).

Arcadio the Thaumaturge (Naga Ice Elementalist)    Turns: 24287, Time: 02:00:43

Health: -3/168     AC: 27    Str: 11    XL:     14   Next: 67%
Magic:  31/31      EV:  1    Int: 26    God:    Ignis [**....]
Gold:   734        SH:  0    Dex: 14    Spells: 18/39 levels left

rFire   . . .        h - staff of cold
rCold   + + .        (no shield)
rNeg    . . .        b - melded +1 robe of Vines {NoPotionHeal Regen++++}
rPois   +            H - melded +0 helmet {Int+3}
rElec   .            y - melded +0 cloak
rCorr   .            D - melded +2 pair of gloves {infuse}
SInv    +            (no barding)
Will    +....        k - amulet of reflection
Stlth   +            S - ring "Umoufas" {Ice Dex+2}
HPRegen 0.48/turn    N - +6 ring of intelligence
MPRegen 0.22/turn

%: reflection
@: confused, mighty, tree-form, ambrosia-drunk
A: stationary, stasis, torment immunity, boosted hp, AC +4, large, see
invisible, (deformed body), (poison resistance), (slowness 2), spit poison 1,
(naga tail 2)
a: Spit Poison, Renounce Religion, Fiery Armour, Foxfire Swarm


You were on level 11 of the Dungeon.
You worshipped Ignis.
Ignis was pleased with you.
You were a tree.
You visited 5 branches of the dungeon, and saw 19 of its levels.
You also visited: Bailey.

You collected 1257 gold pieces.
You spent 523 gold pieces at shops.

Inventory:

Hand Weapons
 f - a +0 rapier
Missiles
 u - 2 throwing nets
Armour
 b - the +1 robe of Vines (melded) {NoPotionHeal Regen++++}
   (You acquired it in a bailey)

   NoPotionHeal: Its wearer cannot be healed by potions.
   Regen++++: It increases your rate of health regeneration.
 w - a +2 leather armour of fire resistance
 y - a +0 cloak (melded)
 D - a +2 pair of gloves of infusion (melded)
 F - a +2 chain mail of poison resistance
 H - a +0 helmet of intelligence (melded)
 L - +0 steam dragon scales
Magical Staves
 h - a staff of cold (weapon)
Jewellery
 k - an amulet of reflection (around neck)
 K - a ring of flight
 N - a +6 ring of intelligence (right branch)
 S - the ring "Umoufas" (left branch) {Ice Dex+2}
   (You found it on level 9 of the Dungeon)

   [ring of ice]

   Ice:       It enhances your ice magic.
   Dex+2:     It affects your dexterity (+2).
   rF-:       It makes you vulnerable to fire.
   rC+:       It protects you from cold.
Wands
 j - a wand of mindburst (10)
 x - a wand of paralysis (8)
 G - a wand of polymorph (11)
Scrolls
 a - a scroll of butterflies {unknown}
 d - 3 scrolls of poison
 m - 5 scrolls of revelation
 n - 3 scrolls of fog
 p - 5 scrolls of amnesia
 r - a scroll of blinking {unknown}
 s - a scroll of enchant weapon
 M - 2 scrolls of enchant armour {unknown}
 Q - a scroll of brand weapon {unknown}
 Z - a scroll of immolation {unknown}
Potions
 g - 3 potions of resistance
 i - 5 potions of enlightenment
 l - 3 potions of heal wounds {unknown}
 o - a potion of ambrosia
 q - a potion of lignification
 A - 2 potions of attraction
 I - a potion of cancellation {unknown}
 J - 8 potions of curing
 P - a potion of haste
 R - 4 potions of might
 T - a potion of berserk rage {unknown}
 U - a potion of mutation {unknown}
 V - a potion of magic
 Y - a potion of degeneration {unknown}
Miscellaneous
 O - a phial of floods


   Skills:
 + Level 3.8 Fighting
 + Level 12.5 Dodging
 - Level 3.0 Stealth
 + Level 13.4 Spellcasting
 - Level 8.1 Summonings
 - Level 10.7 Ice Magic
 + Level 7.0 Air Magic


You had 18 spell levels left.
You knew the following spells:

 Your Spells              Type           Power      Damage    Failure   Level
a - Freeze                Ice            100%       1d10      1%          1
b - Frozen Ramparts       Ice            100%       1d16      1%          3
c - Ozocubu's Armour      Ice            100%       N/A       1%          3
d - Summon Ice Beast      Ice/Summ       99%        N/A       1%          3
e - Freezing Cloud        Conj/Ice/Air   41%        6-21      8%          5
f - Swiftness             Air            53%        N/A       1%          3
g - Vampiric Draining     Necr           17%        2d7       10%         3

Your spell library contained the following spells:

 Spells                   Type           Power      Damage    Failure   Level
 Mercury Vapours          Alch/Air       70%        N/A       1%          2
 Slow                     Hex            68%        N/A       3%          1
 Jinxbite                 Hex            34%        N/A       4%          2
 Vhi's Electric Charge    Tloc/Air       70%        N/A       8%          4
 Confusing Touch          Hex            17%        N/A       10%         3
 Sigil of Binding         Hex            17%        N/A       10%         3
 Cause Fear               Hex            8%         N/A       32%         4
 Fireball                 Conj/Fire      8%         3d6       65%         5
 Yara's Violent Unravell  Hex/Alch       8%         3d5       65%         5
 Conjure Ball Lightning   Conj/Air       17%        3x3d6     75%         6
 Enfeeble                 Hex            8%         N/A       100%        7
 Dragon's Call            Summ           28%        N/A       100%        9


Dungeon Overview and Level Annotations

Branches:
Dungeon (11/15)            Temple (1/1) D:6            Lair (5/5) D:8
  Swamp (0/4) Lair:2        Snake (0/4) Lair:2        Slime (1/5) Lair:4
    Orc (1/2) D:11         Bailey (visited)

Altars:
Ashenzari
Cheibriados
Dithmenos
Elyvilon
Fedhas
Gozag
Hepliaklqana
Kikubaaqudgha
Makhleb
Nemelex Xobeh
Okawaru
Qazlal
Ru
Sif Muna
Uskayaw
Vehumet
Wu Jian
Xom
Yredelemnul
Zin
The Shining One
Ignis

Shops:
D:1 (   D:6 [   D:9 !


Innate Abilities, Weirdness & Mutations

You are a tree.
Your roots penetrate the ground, keeping you stationary.
You cannot be teleported.
You are immune to unholy pain and torment.
Your maximum health is greatly increased.
Your equipment is partially melded.
((Your serpentine skin is tough. (AC +4)))
You have supernaturally acute eyesight. (SInv)
((Armour fits poorly on your strangely shaped body.))
((Your system is resistant to poisons. (rPois)))
((You cover ground very slowly.))
You can spit poison.
((You can use your snake-like lower body to constrict enemies.))


Message History

The orc knight roars a battlecry!
The orcs go into a battle-frenzy!
You climb upwards.
Welcome back to the Dungeon!
There is a staircase to the Orcish Mines, spattered with blood here.
Okay, then.
Okay, then.
Okay, then.
Okay, then.
Okay, then.
You turn into a tree.
Your +0 cloak melds into your body.
Your +0 helmet of intelligence melds into your body.
Your +2 pair of gloves of infusion melds into your body.
The +1 robe of Vines {NoPotionHeal Regen++++} melds into your body.
You feel stupid.
You feel magic leave your hands. The vines fall away from your body!
Your roots penetrate the ground.
Okay, then.
Aiming: Paralyse
Press: ? - help, Shift-Dir - straight line, f - ettin
Aim: an ettin, wielding two +0 dire flails (chance to affect: 31%)
Okay, then.
Unknown command.
Okay, then.
You are confused.
You feel invigorated.
Okay, then.
You are too confused!
You feel very mighty all of a sudden.
The ettin hits you but does no damage. x2
Unknown command.
Okay, then.
You cannot move. (Use ctrl+direction or * direction to attack while stationary and confused.)
You cannot move. (Use ctrl+direction or * direction to attack while stationary and confused.) Unknown command.
You cannot move. (Use ctrl+direction or * direction to attack while stationary and confused.)
Okay, then.
The ettin hits you with a +0 dire flail!!
* * * LOW HITPOINT WARNING * * *
The ettin hits you with a +0 dire flail!
You die...

.....................###.........
..................#####..........
.....................##..........
≈≈≈≈≈≈≈≈≈≈≈≈≈≈≈≈≈≈≈≈.##....##....
≈≈≈≈≈≈≈≈≈≈≈≈≈≈≈≈≈≈≈≈.##...#####..
##################≈≈.##..## #..
...............≈[#≈≈.##..# ##.
..............[###≈≈.##..# #.
......8......[oC♣#≈≈.##..# #.
..............o###≈≈.##..# #.
...............≈[#≈≈.##..# #.
##################≈≈.....# #. ≈≈≈
≈≈≈≈≈≈≈.#...## #. ≈≈≈
≈≈≈≈≈≈≈.##...# ## ...
.............## ## .(.
######...##...### #. ...
#######....###.


You could see an ettin and 2 orcs.

Vanquished Creatures
  Josephine (D:11)
  Harold (D:9)
  2 hydras (Lair:3)
  3 death yaks (Lair:4)
  An orc high priest (Bailey)
  2 skysharks (Lair:2)
  A spriggan druid (Lair:2)
  An orc knight (Bailey)
  An ugly thing (D:11)
  9 elephants
  3 black mambas
  6 cane toads
  3 rime drakes
  6 komodo dragons
  A polar bear (Lair:5)
  A hornet (Lair:2)
  4 blink frogs (Lair:2)
  Prince Ribbit (D:7)
  6 wraiths
  36 yaks
  5 wyverns
  2 humans (D:10)
  3 steam dragons
  A vampire mosquito (D:11)
  9 water moccasins
  2 black bears
  22 orc warriors
  4 ogres
  9 wolves
  3 centaurs
  2 kobold brigands
  6 bullfrogs
  A scorpion (D:5)
  2 wights (D:7)
  7 killer bees
  5 electric eels
  2 howler monkeys (D:5)
  9 orc priests
  2 bombardier beetles
  A gnoll bouda (D:5)
  4 hounds
  3 iguanas (D:5)
  Ijyb (D:5)
  8 orc wizards
  A sleepcap (D:4)
  Robin (D:5)
  11 gnolls
  10 adders
  A shadow imp (D:5)
  A white imp (D:7)
  An ufetubus (D:7)
  A ribbon worm (D:4)
  2 dart slugs
  42 orcs
  4 ball pythons
  9 endoplasms
  A giant cockroach (D:4)
  14 goblins
  12 hobgoblins
  7 jackals
  15 kobolds
  2 quokkas
  2 bats
  8 frilled lizards
  4 rats
351 creatures vanquished.

Vanquished Creatures (collateral kills)
  5 hydras
  A centaur warrior (D:10)
  A death yak (Lair:5)
  A two-headed ogre (D:10)
  A spectral dire elephant (Lair:5)
  A skyshark (Lair:2)
  A spriggan druid (Lair:2)
  A manticore (D:11)
  2 cyclopes
  Joseph (D:9)
  4 black mambas
  6 cane toads
  An elephant (Lair:3)
  A gargoyle (D:10)
  A black mamba (shapeshifter) (D:10)
  An eye of devastation (Lair:4)
  5 komodo dragons
  A rime drake (Lair:1)
  2 polar bears
  A glass eye (Lair:4)
  6 blink frogs (Lair:2)
  A dream sheep (Lair:2)
  A shadow (D:10)
  A water elemental (D:11)
  5 basilisks
  9 yaks
  A wyvern (Lair:2)
  A wraith (D:11)
  2 vampire mosquitoes (D:11)
  A steam dragon (Lair:2)
  Menkaure (D:7)
  An acid dragon (D:9)
  10 water moccasins
  2 ice beasts
  A black bear (Lair:2)
  3 orc warriors
  4 wolves
  A centaur (D:10)
  2 kobold brigands
  9 bullfrogs
  A scorpion (D:5)
  2 gnoll sergeants (D:10)
  9 wights
  3 killer bees (D:9)
  An electric eel (D:11)
  4 orc priests
  A sleepcap (D:7)
  3 orc wizards
  A gnoll (D:10)
  An ufetubus (D:7)
  4 orcs
  2 kobolds (D:8)
132 creatures vanquished.

Vanquished Creatures (others)
  An orc warrior (D:11)
  A killer bee (D:10)
  37 foxfires
39 creatures vanquished.

Grand Total: 522 creatures vanquished

Notes
Turn   | Place    | Note
-------+----------+-------------------------------------------
     0 | D:1      | Arcadio the Naga Ice Elementalist began the quest for the
                  | Orb.
     0 | D:1      | Reached XP level 1. HP: 15/15 MP: 3/3
    26 | D:1      | Found a faded altar of an unknown god.
    57 | D:1      | Prayed at the altar of an unknown god.
    57 | D:1      | Became a worshipper of Ignis, the Dying Flame
   113 | D:1      | Reached XP level 2. HP: 22/22 MP: 1/5
   524 | D:1      | Found Doosiz's Weapon Shoppe.
   948 | D:2      | Reached XP level 3. HP: 28/28 MP: 1/6
   952 | D:2      | Learned a level 3 spell: Frozen Ramparts
  1643 | D:2      | Reached XP level 4. HP: 15/36 MP: 3/8
  1957 | D:2      | Learned a level 3 spell: Ozocubu's Armour
  2037 | D:3      | Reached skill level 3 in Spellcasting
  2082 | D:3      | Reached XP level 5. HP: 38/42 MP: 6/9
  2737 | D:4      | Found a glowing silver altar of Zin.
  2780 | D:4      | Reached skill level 5 in Ice Magic
  3033 | D:4      | Found a snail-covered altar of Cheibriados.
  3432 | D:4      | Noticed an ogre
  3440 | D:4      | Killed an ogre
  3441 | D:4      | Reached XP level 6. HP: 18/49 MP: 6/11
  3592 | D:4      | Found a sparkling altar of Nemelex Xobeh.
  3611 | D:5      | Entered Level 5 of the Dungeon
  3617 | D:5      | Noticed a water moccasin
  3627 | D:5      | Found a sacrificial altar of Ru.
  3637 | D:5      | Reached skill level 4 in Spellcasting
  3677 | D:5      | Killed a water moccasin
  3678 | D:5      | Reached XP level 7. HP: 49/55 MP: 5/13
  3940 | D:5      | Found a shimmering altar of Xom.
  3975 | D:5      | Reached XP level 8. HP: 62/62 MP: 11/15
  3987 | D:5      | Reached skill level 5 in Spellcasting
  4096 | D:5      | Learned a level 3 spell: Summon Ice Beast
  4113 | D:5      | Noticed Robin
  4124 | D:5      | Killed Robin
  4254 | D:5      | Noticed Ijyb
  4270 | D:5      | Killed Ijyb
  4469 | D:5      | Found an ancient bone altar of Kikubaaqudgha.
  4574 | D:6      | Reached skill level 5 in Dodging
  4878 | D:6      | Found a staircase to the Ecumenical Temple.
  4879 | D:6      | Found a shimmering blue altar of Sif Muna.
  4886 | Temple   | Entered the Ecumenical Temple
  4976 | D:6      | Found a burning altar of Makhleb.
  5387 | D:6      | Found Xotryhim's Antique Armour Emporium.
  5395 | D:6      | Bought a runed robe for 103 gold pieces
  5395 | D:6      | Bought a pair of runed gloves for 210 gold pieces
  5517 | D:6      | Found a radiant altar of Vehumet.
  5720 | D:7      | Found a shadowy altar of Dithmenos.
  5732 | D:7      | Reached skill level 6 in Spellcasting
  5734 | D:7      | Reached XP level 9. HP: 20/68 MP: 6/18
  5921 | D:7      | Noticed Menkaure
  6033 | D:7      | Learned a level 3 spell: Vampiric Draining
  6142 | D:7      | Found an ornate altar of the Wu Jian Council.
  6198 | D:7      | Found a flagged portal.
  6207 | Bailey   | Entered a bailey
  6465 | Bailey   | Noticed an orc high priest
  6477 | Bailey   | Reached skill level 7 in Spellcasting
  6477 | Bailey   | Noticed a sixfirhy
  6481 | Bailey   | Noticed a hellwing
  6481 | Bailey   | Killed an orc high priest
  6489 | Bailey   | Noticed an orc knight
  6491 | Bailey   | Reached XP level 10. HP: 75/75 MP: 1/21
  6503 | Bailey   | Killed an orc knight
  6913 | Bailey   | Reached skill level 8 in Spellcasting
  7044 | Bailey   | Acquired the +1 robe of Vines {NoPotionHeal Regen++++}
  7044 | Bailey   | Found the +1 robe of Vines {NoPotionHeal Regen++++}
  7293 | Bailey   | Found an iron altar of Okawaru.
  7295 | Bailey   | Noticed an orc sorcerer
  7303 | Bailey   | Noticed an orange demon
  7320 | D:7      | Killed Menkaure
  7528 | D:7      | Found a stormy altar of Qazlal.
  7638 | D:7      | Identified the +6 hand axe "Aho Fam" {drain, Int+3}
  7730 | D:7      | Noticed Prince Ribbit
  7746 | D:7      | Killed Prince Ribbit
  9069 | D:6      | Bought a runed helmet for 210 gold pieces
  9178 | D:8      | Reached skill level 10 in Ice Magic
  9240 | D:8      | Found a staircase to the Lair.
  9314 | D:8      | Found an opulent altar of Gozag.
 10232 | Lair:1   | Entered Level 1 of the Lair of Beasts
 10251 | D:8      | Reached XP level 11. HP: 59/81 MP: 13/23
 10316 | Lair:1   | Reached skill level 9 in Spellcasting
 11434 | Lair:1   | Reached skill level 1 in Summonings
 12301 | Lair:2   | Found a staircase to the Snake Pit.
 12727 | Lair:2   | Reached skill level 10 in Spellcasting
 13082 | Lair:2   | Noticed a skyshark
 13091 | Lair:2   | Killed a skyshark
 13196 | Lair:2   | Noticed a skyshark
 13209 | Lair:2   | Killed a skyshark
 13210 | Lair:2   | Reached XP level 12. HP: 87/88 MP: 12/26
 13547 | Lair:2   | Reached skill level 5 in Summonings
 13650 | Lair:2   | Noticed a skyshark
 13669 | Lair:2   | Killed a skyshark
 13675 | Lair:2   | Reached skill level 10 in Dodging
 13827 | Lair:2   | Noticed an eight-headed hydra
 13842 | Lair:2   | Killed an eight-headed hydra
 13843 | Lair:2   | Reached skill level 11 in Spellcasting
 15153 | Lair:2   | Found a staircase to the Swamp.
 15233 | Lair:2   | Got the Folio of Turbulence
 15359 | Lair:2   | Gained mutation: You can use your snake-like lower body to
                  | constrict enemies. [Naga growth]
 15359 | Lair:2   | Reached XP level 13. HP: 94/94 MP: 25/28
 16173 | Lair:3   | Learned a level 3 spell: Swiftness
 16179 | Lair:3   | Learned a level 5 spell: Freezing Cloud
 16225 | Lair:3   | Reached skill level 12 in Spellcasting
 16225 | Lair:3   | Reached skill level 1 in Air Magic
 17675 | Lair:4   | Found a staircase to the Slime Pits.
 18930 | Lair:5   | Entered Level 5 of the Lair of Beasts
 18963 | Lair:5   | Reached skill level 5 in Air Magic
 19133 | Lair:5   | Noticed a dire elephant
 19133 | Lair:5   | Noticed a dire elephant
 19133 | Lair:5   | Noticed a dire elephant
 19181 | Lair:5   | Reached XP level 14. HP: 95/102 MP: 22/30
 19385 | Lair:5   | Reached skill level 13 in Spellcasting
 20070 | Lair:4   | Reached skill level 1 in Fighting
 20325 | Slime:1  | Entered Level 1 of the Pits of Slime
 20325 | Slime:1  | Noticed a quicksilver ooze
 20609 | D:9      | Noticed Joseph
 20629 | D:9      | Killed Joseph
 20945 | D:9      | Found Doacs's Distillery.
 21118 | D:9      | Noticed Harold
 21148 | D:9      | Killed Harold
 21354 | D:9      | Identified the ring "Umoufas" {Ice Dex+2}
 21494 | D:10     | Entered Level 10 of the Dungeon
 22158 | D:10     | Found an iron altar of Okawaru.
 22555 | D:10     | Found a white marble altar of Elyvilon.
 23752 | D:11     | Found a staircase to the Orcish Mines.
 23795 | Orc:1    | Entered Level 1 of the Orcish Mines
 23798 | Orc:1    | Noticed Josephine
 24102 | D:11     | Killed Josephine
 24282 | Orc:1    | HP: 2/112 [ettin/+0 dire flail (33)]
 24287 | D:11     | HP: 5/168 [ettin/+0 dire flail (19)]
 24287 | D:11     | Slain by an ettin

Illustrated notes

Levels and vault maps discovered:
D:1:      minmay_arrival_stone_box, layout_loops_ring,
          ebering_ecumenical_altar_sacrificial, serial_shops, shop
D:2:      cheibrodos_pilgrimage, layout_loops_ring, minmay_lizard_king
D:3:      layout_basic, minmay_surrounded
D:4:      layout_rooms, nemelex_dance_club_becter, slow_altar_2, zin_academy
D:5:      layout_layer_cave, nicolae_overflow_crystal_walls,
          nicolae_overflow_hidden_temple, serial_bayou_pond_a,
          nicolae_goblin_pals
D:6:      hellmonk_crumbling_castle, layout_loops_corners,
          mainiacjoe_overflow_cross_hatched, nicolae_sif_muna_condensation,
          mainiacjoe_overflow_surrounded_room, minmay_temple_entry_overgrown,
          serial_shops, shop_fountains
D:7:      layout_cave_pods, nicolae_wu_jian_immortal_techniques,
          nicolae_dithmenos_the_darkroom, grunt_qazlal_sundering,
          enter_bailey_2, uniq_prince_ribbit1, uniq_menkaure
D:8:      layout_basic, grunt_gozag_statues, dpeg_oklobed_lair
D:9:      layout_rooms, serial_shops, nicolae_shop_industrial_runoff,
          uniq_harold, uniq_joseph
D:10:     minmay_opposing_rooms, layout_irregular_city, okawaru_humans,
          elyvilon_altar_4, corexii_corridor_pit, skrybe_limestone_x,
          minivault_5
D:11:     layout_layer_cave, erik_orc_2
Temple:   hellmonk_temple_beads
Lair:1:   layout_gridlike
Lair:2:   nzn_winding_woodlands_stair_trap
          [nzn_winding_woodlands_5x15_river_crossing,
          nzn_winding_woodlands_5x15_twine, nzn_winding_woodlands_5x15_pockets,
          nzn_winding_woodlands_15x15_thick_spiral,
          nzn_winding_woodlands_5x15_jagged,
          nzn_winding_woodlands_5x15_sidewinder,
          nzn_winding_woodlands_5x15_cabin], layout_small_grid,
          mainiacjoe_swamp_entry_angry_trees, dummy_snake_entry,
          eino_small_chamber_without_monster, cheibrodos_lair_reptile_den
Lair:3:   layout_cave_pods
Lair:4:   beast_lair_carwin_large_2, layout_regular_city,
          minmay_slime_entry_eyes, serial_bayou_pond_a
Lair:5:   due_jungle_book, layout_gridlike, lemuel_old_faithful,
          serial_bayou_shore_b, infiniplex_staircase_pool
Slime:1:  layout_caves
Orc:1:    layout_caves, uniq_fannar, uniq_josephine

Skill      XL: |  1  2  3  4  5  6  7  8  9 10 11 12 13 14 |
---------------+-------------------------------------------+-----
Dodging        | 2 3 4 5 6 8 9 10 11 12 | 12.5
Spellcasting   | 3 4 6 7 8 10 11 12 13 | 13.4
Ice Magic      | 5 6 7 8 10 | 10.7
Summonings     | 4 7 8 |  8.1
Air Magic      | 5 7 |  7.0
Fighting       | 3 |  3.8
Stealth        | |  3.0

Action                     |  1- 3 |  4- 6 |  7- 9 | 10-12 | 13-15 || total
---------------------------+-------+-------+-------+-------+-------++-------
  Melee: Dagger            |     4 |       |       |       |       ||     4
         Staff             |     7 |    10 |    66 |    86 |   361 ||   530
         Rapier            |     3 |       |       |       |       ||     3
         Punch             |       |       |       |     1 |     8 ||     9
         Constrict         |       |       |       |       |    49 ||    49
  Throw: Throwing net      |       |       |       |     1 |       ||     1
   Cast: Freeze            |    40 |    57 |    38 |   130 |    75 ||   340
         Frozen Ramparts   |       |     4 |    21 |    33 |    39 ||    97
         Ozocubu's Armour  |       |     1 |     6 |    18 |    15 ||    40
         Summon Ice Beast  |       |       |     9 |    86 |    76 ||   171
         Freezing Cloud    |       |       |       |       |     7 ||     7
         Swiftness         |       |       |       |       |     1 ||     1
 Invoke: Fiery Armour      |     1 |     1 |       |       |       ||     2
         Foxfire Swarm     |       |       |     4 |       |       ||     4
         Rising Flame      |       |       |       |       |     1 ||     1
Ability: Spit Poison       |    10 |     6 |    14 |    10 |     9 ||    49
  Evoke: Wand              |       |       |       |    11 |     1 ||    12
    Use: Scroll            |     3 |     1 |     5 |     4 |     7 ||    20
         Potion            |       |       |     2 |     1 |     3 ||     6
   Stab: Sleeping          |     1 |     2 |       |       |       ||     3
         Paralysed         |       |       |       |     2 |       ||     2
 Armour: Robe              |    17 |    32 |    63 |   292 |   459 ||   863
         Skin              |       |       |       |       |     4 ||     4
  Dodge: Dodged            |    17 |    18 |    48 |   208 |   396 ||   687
  Block: Other             |       |     7 |    21 |    89 |   126 ||   243
         Reflection        |       |     3 |       |     3 |     3 ||     9
